 Dungeon Crawl Stone Soup version 0.20-a0-537-g052e6ba (webtiles) character file.

67 polly the Conjurer (level 4, 0/24 HPs)
             Began as a Deep Elf Conjurer on Jan 28, 2017.
             Slain by Ijyb
             ... wielding a +0 dagger
              (2 damage)
             ... on level 2 of the Dungeon.
             The game lasted 00:04:08 (1139 turns).

polly the Conjurer (Deep Elf Conjurer)              Turns: 1139, Time: 00:04:09

Health: 0/24       AC:  2    Str:  2 (5)  XL:     4   Next: 0%
Magic:  0/11       EV: 13    Int: 19 (21) God:
Gold:   99         SH:  0    Dex: 12 (15) Spells: 9/10 levels left

rFire    . . .     SeeInvis .   k - +0 dagger (drain)
rCold    . . .     Gourm    .   a - +0 robe
rNeg     . . .     Faith    .   (no shield)
rPois    .         Spirit   .   (no helmet)
rElec    .         Reflect  .   (no cloak)
rCorr    .         Harm     .   (no gloves)
MR       .....                  (no boots)
Stlth    ++........             (no amulet)
Regen    0.1/turn               (no ring)
                                (no ring)

@: no status effects
A: no striking features
a: no special abilities


You were on level 2 of the Dungeon.
You were hungry.

You visited 1 branch of the dungeon, and saw 2 of its levels.

You collected 99 gold pieces.

Inventory:

Hand Weapons
 k - a +0 dagger of draining (weapon)
Armour
 a - a +0 robe (worn)
Scrolls
 g - 2 scrolls of remove curse {unknown}
 h - 2 scrolls of teleportation {unknown}
 i - 2 scrolls of identify {unknown}
Potions
 e - a potion of agility {unknown}
 j - a potion of invisibility {unknown}
 l - a potion of flight {unknown}
Books
 b - a book of Conjurations

   Spells                             Type                      Level
   a - Magic Dart                     Conjuration                  1
   b - Searing Ray                    Conjuration                  2
   c - Dazzling Spray                 Conjuration/Hexes            3
   d - Fulminant Prism                Conjuration/Hexes            4
   e - Iskenderun's Mystic Blast      Conjuration                  4
   f - Iskenderun's Battlesphere      Conjuration/Charms           5
Comestibles
 c - a bread ration
 d - a chunk of flesh
 f - 3 fruits
 m - a royal jelly


   Skills:
 + Level 0.2 Short Blades
 + Level 2.6 Dodging
 + Level 2.6 Stealth
 * Level 3.8 Spellcasting
 * Level 5.5 Conjurations


You had 9 spell levels left.
You knew the following spells:

 Your Spells              Type           Power        Failure   Level  Hunger
a - Magic Dart            Conj           ###.         1%          1    None


Dungeon Overview and Level Annotations

Branches:
Dungeon (2/15)

Altars:

Annotations:
D:2 Ijyb


Message History

Casting: Magic Dart
Confirm with . or Enter, or press ? or * to list all spells.
Aiming: Magic Dart
Press: ? - help, Shift-Dir - straight line, f/p - Ijyb
Aim: Ijyb, wielding a dagger and wearing a ring mail (severely wounded, heavily drained)
The magic dart hits Ijyb.
Ijyb is severely wounded.
Ijyb barely misses you. Ijyb closely misses you.
You see here a leopard gecko corpse.
You see here a club.
Casting: Magic Dart
Confirm with . or Enter, or press ? or * to list all spells.
Aiming: Magic Dart
Press: ? - help, Shift-Dir - straight line, f/p - Ijyb
Aim: Ijyb, wielding a dagger and wearing a ring mail (severely wounded, heavily drained)
The magic dart hits Ijyb.
Ijyb is severely wounded.
Ijyb hits you with a dagger.
You die...

######## #.(.@..#
#############...g..#
#..........##.).)..#
.....#####.##...†..#
.....#.............#
...(.#.##..........#
######..'...)......#
.# ####...<...####
.# #########


You could see Ijyb.

Vanquished Creatures
  2 adders (D:2)
  A worm (D:2)
  A dart slug (D:1)
  2 leopard geckos (D:2)
  5 giant cockroaches
  7 hobgoblins
  5 jackals (D:2)
  8 kobolds
  A bat (D:1)
  3 frilled lizards
  2 goblins
  4 rats
41 creatures vanquished.

Notes
Turn   | Place    | Note
-------+----------+-------------------------------------------
     0 | D:1      | polly the Deep Elf Conjurer began the quest for the Orb.
     0 | D:1      | Reached XP level 1. HP: 10/10 MP: 6/6
   342 | D:1      | Reached XP level 2. HP: 15/15 MP: 5/8
   777 | D:2      | Reached skill level 5 in Conjurations
   783 | D:2      | Reached XP level 3. HP: 19/19 MP: 2/10
  1079 | D:2      | Noticed Ijyb
  1120 | D:2      | Reached XP level 4. HP: 12/24 MP: 0/11
  1128 | D:2      | HP: 1/24 [Ijyb/dagger (5)]
  1139 | D:2      | Slain by Ijyb

Vault maps used:
D:1:      minmay_arrival_checkered_box
D:2:      uniq_iyjb

Skill      XL: |  1  2 |
---------------+-------+-----
Conjurations   | 5 |  5.5
Short Blades   | |  0.2
Dodging        | |  2.6
Stealth        | |  2.6
Spellcasting   | |  3.8

Action                   |  1- 3 |  4- 6 || total
-------------------------+-------+-------++-------
Melee: Unarmed           |     5 |       ||     5
       Dagger            |    14 |     7 ||    21
 Cast: Magic Dart        |    78 |     3 ||    81
  Use: Potion            |     3 |       ||     3
Armor: Robe              |     6 |       ||     6
Dodge: Dodged            |    24 |     5 ||    29
